 Dungeon Crawl Stone Soup version 0.27-a0-1317-gd1140b374c (webtiles) character file.

Game seed: 5257567820834294402

6425 Ijustatesigmund the Contemplative (level 10, -1/136 HPs)
             Began as a Hill Orc Fighter on June 21, 2021.
             Was a Priest of Cheibriados.
             Slain by a manticore (9 damage)
             ... on level 10 of the Dungeon.
             The game lasted 00:16:54 (8804 turns).

Ijustatesigmund the Contemplative (HOFi)            Turns: 8804, Time: 00:16:55

Health: -1/136     AC: 25    Str: 26    XL:     10   Next: 98%
Magic:  18/18      EV:  2    Int: 16    God:    Cheibriados [***...]
Gold:   150        SH:  0    Dex: 23    Spells: 6/9 levels left

rFire    + . .     SeeInvis .   a - +1 war axe
rCold    + . .     Faith    .   c - +1 kite shield
rNeg     + + +     Spirit   .   (armour currently unavailable)
rPois    +         Reflect  +   (helmet currently unavailable)
rElec    +         Harm     .   (cloak currently unavailable)
rCorr    +         Rampage  .   (gloves currently unavailable)
Will     .....     NoTele   +   (boots currently unavailable)
Stlth    +.........             G - amulet of reflection
HPRegen  0.32/turn              C - +4 ring of evasion
MPRegen  0.16/turn              i - +6 ring of dexterity

@: confused, mighty, tree-form, resistant, spiked, very slow
A: stationary, stasis, torment immunity, boosted hp
a: Renounce Religion, Bend Time, Temporal Distortion


You were on level 10 of the Dungeon.
You worshipped Cheibriados.
Cheibriados was most pleased with you.
You were a tree.
You visited 2 branches of the dungeon, and saw 11 of its levels.

You collected 631 gold pieces.
You spent 481 gold pieces at shops.

Inventory:

Hand Weapons
 a - a +1 war axe (weapon)
Missiles
 q - a throwing net (quivered)
Armour
 b - the +1 chain mail of Zudy (melded) {Regen+ Str+2 SInv}
   (You found it on level 6 of the Dungeon)

   It affects your strength (+2).
   It lets you see invisible.
   It increases your rate of health regeneration.
 c - a +1 kite shield (worn)
 p - a +2 pair of gloves (melded)
 z - a +0 cloak (melded)
 F - the +0 helmet of Protective Custody {-Tele rF+ Int+2 SInv}
   (You found it on level 8 of the Dungeon)

   It affects your intelligence (+2).
   It protects you from fire.
   It lets you see invisible.
   It prevents most forms of teleportation.
Jewellery
 d - a ring of wizardry
 g - a +6 ring of strength
 h - a ring of willpower
 i - a +6 ring of dexterity (right branch)
 t - an amulet of faith
 C - a +4 ring of evasion (left branch)
 G - an amulet of reflection (around neck)
Wands
 r - a wand of iceblast (15)
 s - a wand of digging (12)
 v - a wand of flame (11)
 x - a wand of polymorph (5)
 D - a wand of mindburst (10)
Scrolls
 e - 2 scrolls of amnesia
 j - a scroll of enchant weapon
 y - a scroll of blinking
 B - a scroll of fog
Potions
 f - 3 potions of mutation
 m - 2 potions of flight
 n - a potion of lignification
 o - a potion of ambrosia {unknown}
 u - a potion of magic
 w - 2 potions of might
 A - a potion of resistance
 E - a potion of cancellation {unknown}
Miscellaneous
 H - a lightning rod (4/4)


   Skills:
 + Level 9.3 Fighting
 + Level 10.3 Axes
 + Level 7.1 Armour
 - Level 3.6 Dodging
 - Level 5.9 Shields
 + Level 11.2 Invocations
 + Level 1.6 Evocations


You had 6 spell levels left.
You knew the following spells:

 Your Spells              Type           Power      Damage    Failure   Level
a - Magic Dart            Conj           0%         1d3       63%         1
b - Blink                 Tloc           N/A        N/A       77%         2

Your spell library contained the following spells:

 Spells                   Type           Power      Damage    Failure   Level
 Animate Skeleton         Necr           0%         N/A       63%         1
 Apportation              Tloc           0%         N/A       63%         1
 Corona                   Hex            0%         N/A       63%         1
 Sandblast                Erth           0%         2d4       63%         1
 Summon Small Mammal      Summ           0%         N/A       63%         1
 Call Imp                 Summ           0%         N/A       77%         2
 Passwall                 Tmut/Erth      0%         N/A       77%         2
 Slow                     Hex            0%         N/A       77%         2
 Conjure Flame            Conj/Fire      0%         6-21      94%         3
 Inner Flame              Hex/Fire       0%         N/A       94%         3
 Mephitic Cloud           Conj/Pois/Air  0%         N/A       94%         3
 Portal Projectile        Hex/Tloc       0%         N/A       94%         3
 Stone Arrow              Conj/Erth      0%         3d7       94%         3
 Cause Fear               Hex            0%         N/A       100%        4
 Leda's Liquefaction      Hex/Erth       0%         N/A       100%        4
 Petrify                  Tmut/Erth      0%         N/A       100%        4
 Lee's Rapid Deconstruct  Erth           0%         3d5*      100%        5


Dungeon Overview and Level Annotations

Branches:
Dungeon (10/15)            Temple (1/1) D:4
   Lair: D:8-11         Orc: D:9-12

Altars:
Ashenzari
Cheibriados
Dithmenos
Elyvilon
Fedhas
Gozag
Hepliaklqana
Kikubaaqudgha
Makhleb
Nemelex Xobeh
Okawaru
Qazlal
Ru
Sif Muna
Trog
Uskayaw
Vehumet
Wu Jian
Xom
Yredelemnul
Zin
The Shining One

Shops:
D:4 ?   D:8 [=

Annotations:
D:9 3 runed translucent doors


Message History

The vampire barely misses you. The vampire bites you.
* * * LOW HITPOINT WARNING * * *
The vampire draws strength from your injuries!
The centaur barely misses you. x2
It was a potion of magic.
Magic courses through your body. The manticore closely misses you.
The manticore claws you.
* * * LOW HITPOINT WARNING * * *
The manticore barely misses you. The vampire hits you.
* * * LOW HITPOINT WARNING * * *
The vampire closely misses you. The centaur closely misses you.
The centaur completely misses you.
It was a potion of resistance.
You feel protected.
You feel less confused. You block the centaur's attack.
The centaur kicks you but does no damage.
The manticore bites you.
* * * LOW HITPOINT WARNING * * *
The manticore claws you but does no damage.
You block the manticore's attack. The vampire casts a spell at you.
You are confused.
The centaur hits you but does no damage.
The centaur kicks you but does no damage.
It was a potion of flight.
You feel very buoyant.
You fly up into the air.
The manticore bites you but does no damage.
The manticore claws you but does no damage. x2
The vampire hits you but does no damage.
The vampire closely misses you. The centaur misses you.
The centaur kicks you but does no damage.
It was a potion of lignification.
You turn into a tree.
Your +0 cloak melds into your body.
Your +2 pair of gloves melds into your body.
The +1 chain mail of Zudy {Regen+ Str+2 SInv} melds into your body.
Your roots penetrate the ground.
The centaur hits you.
* * * LOW HITPOINT WARNING * * *
The centaur kicks you but does no damage.
The manticore bites you!
You die...

## #############.. .#
#............. .#
#..###....#### .# #..#
#....# ## .#
#..###....####..#
.####...<.<....H♣V{#
................)c..#
........................
....................####
...#######........$...
...# #............. ...#
#..>....>...... .....
............... ......


You could see a manticore, a vampire and a centaur.

Vanquished Creatures
  A two-headed ogre (D:10)
  A troll (D:9)
  Prince Ribbit (D:5)
  Grinder (D:5)
  A vampire (D:10)
  Sigmund (D:5)
  A shadow (D:10)
  2 wyverns
  Eustachio (D:5)
  Grum (D:8)
  4 vampire mosquitoes (D:10)
  An acid dragon (D:4)
  A water moccasin (D:7)
  Duvessa (D:7)
  4 orc warriors
  2 necrophages
  4 ice beasts
  3 wolves (D:8)
  2 ogres (D:6)
  4 centaurs
  Blork the orc (D:4)
  2 scorpions
  A gnoll sergeant (D:8)
  Dowan (D:7)
  A killer bee (D:8)
  5 wights (D:7)
  A howler monkey (D:8)
  An electric eel (D:8)
  2 centaur zombies
  2 hounds
  2 jellies
  Crazy Yiuf (D:5)
  10 orc priests
  Ijyb (D:5)
  An iguana (D:6)
  11 orc wizards
  2 howler monkey zombies
  A howler monkey skeleton (D:6)
  8 adders
  2 shadow imps
  A white imp (D:8)
  3 dart slugs
  24 orcs
  10 ball pythons
  3 bats
  4 endoplasms
  3 giant cockroaches
  11 goblins
  4 hobgoblins
  12 jackals
  4 quokkas
  2 frilled lizards
  3 kobolds
  2 rats
179 creatures vanquished.

Notes
Turn   | Place    | Note
-------+----------+-------------------------------------------
     0 | D:1      | Ijustatesigmund the Hill Orc Fighter began the quest for
                  | the Orb.
     0 | D:1      | Reached XP level 1. HP: 19/19 MP: 1/1
    28 | D:1      | Reached XP level 2. HP: 15/26 MP: 2/2
   864 | D:1      | Reached XP level 3. HP: 29/31 MP: 3/3
  1740 | D:2      | Reached skill level 5 in Axes
  2033 | D:3      | Reached XP level 4. HP: 38/40 MP: 4/4
  2730 | D:3      | Found a faded altar of an unknown god.
  2807 | D:3      | Noticed a necrophage
  2816 | D:3      | Killed a necrophage
  2817 | D:3      | Reached skill level 5 in Fighting
  2817 | D:3      | Reached XP level 5. HP: 47/48 MP: 5/5
  3120 | D:4      | Found Cyntuz's Magic Scroll Shop.
  3124 | D:4      | Bought a scroll of identify for 26 gold pieces
  3124 | D:4      | Bought a scroll of teleportation for 39 gold pieces
  3124 | D:4      | Bought a scroll of identify for 26 gold pieces
  3255 | D:4      | Reached XP level 6. HP: 37/56 MP: 6/6
  3538 | D:4      | Found a staircase to the Ecumenical Temple.
  3900 | D:4      | Noticed Blork the orc
  3902 | D:4      | Noticed an acid dragon
  3911 | D:4      | Killed Blork the orc
  3912 | D:4      | Reached XP level 7. HP: 57/64 MP: 7/7
  3918 | D:4      | Reached skill level 1 in Dodging
  4335 | D:5      | Entered Level 5 of the Dungeon
  4344 | D:5      | Noticed Eustachio
  4368 | D:5      | Killed Eustachio
  4511 | D:5      | Reached XP level 8. HP: 53/71 MP: 8/8
  4767 | D:5      | Learned a level 1 spell: Magic Dart
  4770 | D:5      | Learned a level 2 spell: Blink
  4777 | D:5      | Noticed Sigmund
  4792 | D:5      | Noticed Grinder
  5164 | D:6      | Reached skill level 5 in Armour
  5164 | D:6      | Reached skill level 5 in Shields
  5237 | D:6      | Identified the +1 chain mail of Zudy {Regen+ Str+2 SInv}
  5727 | D:5      | Noticed Prince Ribbit
  5774 | D:5      | Killed Prince Ribbit
  5775 | D:5      | Reached XP level 9. HP: 46/81 MP: 9/9
  5777 | D:5      | Killed Grinder
  5920 | D:5      | Killed Sigmund
  5962 | D:5      | You fall into a shaft and drop 1 floor!
  6073 | D:5      | Noticed Ijyb
  6079 | D:5      | Killed Ijyb
  6137 | D:5      | Found a runed translucent door.
  6138 | D:5      | Noticed Crazy Yiuf
  6143 | D:5      | Killed Crazy Yiuf
  6275 | Temple   | Entered the Ecumenical Temple
  6405 | Temple   | Became a worshipper of Cheibriados the Contemplative
  6527 | D:7      | Reached skill level 1 in Invocations
  6556 | D:7      | Reached skill level 2 in Invocations
  6569 | D:7      | Reached skill level 3 in Invocations
  6624 | D:7      | Reached skill level 4 in Invocations
  6710 | D:7      | Reached skill level 5 in Invocations
  6794 | D:7      | Reached skill level 6 in Invocations
  7052 | D:7      | Noticed Dowan
  7059 | D:7      | Killed Dowan
  7069 | D:7      | Noticed Duvessa
  7081 | D:7      | Killed Duvessa
  7082 | D:7      | Reached skill level 7 in Invocations
  7253 | D:8      | Identified the +0 helmet of Protective Custody {-Tele rF+
                  | Int+2 SInv}
  7258 | D:8      | Reached * piety under Cheibriados
  7263 | D:8      | Noticed Grum
  7279 | D:8      | Killed Grum
  7280 | D:8      | Reached skill level 8 in Invocations
  7280 | D:8      | Reached XP level 10. HP: 78/89 MP: 14/16
  7292 | D:8      | Reached skill level 9 in Invocations
  7316 | D:8      | Found Jatizism's Armour Emporium.
  7619 | D:8      | Found a glowing silver altar of Zin.
  7632 | D:8      | Found Yfaduof's Jewellery Shop.
  7640 | D:8      | Bought an amulet of reflection for 390 gold pieces
  7701 | D:8      | Reached skill level 10 in Invocations
  8250 | D:9      | Reached ** piety under Cheibriados
  8377 | D:9      | Found a runed translucent door.
  8377 | D:9      | Found a runed translucent door.
  8380 | D:9      | Noticed a two-headed ogre
  8381 | D:9      | Noticed a gargoyle
  8382 | D:9      | Noticed a centaur warrior
  8383 | D:9      | Found a runed translucent door.
  8383 | D:9      | Noticed a four-headed hydra
  8383 | D:9      | Noticed a six-headed hydra
  8400 | D:10     | Entered Level 10 of the Dungeon
  8436 | D:10     | Noticed a two-headed ogre
  8453 | D:10     | Killed a two-headed ogre
  8454 | D:10     | Reached skill level 10 in Axes
  8609 | D:10     | Reached skill level 11 in Invocations
  8691 | D:10     | Reached skill level 1 in Evocations
  8785 | D:10     | Reached *** piety under Cheibriados
  8789 | D:10     | Noticed a manticore
  8804 | D:10     | Slain by a manticore

Illustrated notes

Levels and vault maps discovered:
D:1:      heliophobic_arrival_ceremonial_halls, layout_basic,
          minmay_misc_feat_rugged, hangedman_feature_mirror,
          lemuel_another_geyser
D:2:      layout_basic
D:3:      layout_loops_cross, hellmonk_ecumenical_altar_pennies_from_heaven,
          minmay_misc_feat_tower
D:4:      layout_loops_cross, minmay_temple_entry_statues_fountains,
          serial_shops, shop, kennysheep_generic_room_14, uniq_blork_the_orc
D:5:      layout_rooms, dk_vineyard_3, interstate_on_off, kennysheep_nub,
          minivault_1, uniq_crazy_yiuf_cottage, uniq_grinder, uniq_sigmund,
          uniq_ijyb, uniq_eustachio, uniq_prince_ribbit1
D:6:      layout_loops_ring, grunt_decor_fettered, amethyst_killhole
D:7:      layout_loops_ring, uniq_duvessa
D:8:      layout_basic, zin_statuary, serial_shops, nicolae_shop_crystal, shop,
          enter_bailey_3, ebering_dispersal_statue_hall, supply_closet_lemuel,
          minmay_bent, uniq_grum
D:9:      minmay_the_grid_triangle_9x9_rhombus_thin_mashed
          [minmay_the_grid_triangle_9x9_fully_insulated_deathbox,
          minmay_the_grid_triangle_9x9_prize_center,
          minmay_the_grid_triangle_9x9_corrupted_corridor,
          minmay_the_grid_triangle_9x9_zippers_horizontal], layout_loops_ring,
          uniq_psyche
D:10:     layout_small_grid, onia_ninara_cookie
Temple:   kilobyte_greek_temple

Skill      XL: |  1  2  3  4  5  6  7  8  9 10 |
---------------+-------------------------------+-----
Axes           | 3 4 5 6 7 8 9 10 | 10.3
Fighting       | 4 5 6 7 8 9 |  9.3
Dodging        | 1 3 |  3.6
Armour         | 4 5 6 7 |  7.1
Shields        | 4 5 |  5.9
Invocations    | 8 11 | 11.2
Evocations     | 1 |  1.6

Action                   |  1- 3 |  4- 6 |  7- 9 | 10-12 || total
-------------------------+-------+-------+-------+-------++-------
Melee: War axe           |   115 |   110 |   267 |   196 ||   688
Throw: Throwing net      |       |     1 |       |       ||     1
Invok: Bend Time         |       |       |       |     1 ||     1
Evoke: Wand              |       |       |     4 |     6 ||    10
  Use: Scroll            |     1 |     8 |     3 |     6 ||    18
       Potion            |       |     1 |     1 |     7 ||     9
Armor: Scale mail        |    54 |    39 |    46 |       ||   139
       Chain mail        |       |       |    52 |    88 ||   140
       Skin              |       |       |       |     1 ||     1
Dodge: Dodged            |    42 |    31 |    71 |    95 ||   239
Block: Kite shield       |    66 |    88 |   141 |   200 ||   495
       Reflection        |       |       |       |    14 ||    14

Table legend: (Time is in decaauts)
 A = Elapsed time spent in this place.
 B = Non-inter-level travel time spent in this place.
 C = Inter-level travel time spent in this place.
 D = Time resting spent in this place.
 E = Time spent auto-exploring this place.
 F = Levels seen in this place.
 G = Mean time per level.
                   A        B        C        D        E       F      G
               +--------+--------+--------+--------+--------+-----+--------+
         Total |   9757 |   9250 |    507 |   1328 |   6315 |  11 |  887.0 |
       Dungeon |   9588 |   9120 |    468 |   1328 |   6195 |  10 |  958.8 |
        Temple |    168 |    130 |     38 |      0 |    120 |   1 |  168.0 |
               +--------+--------+--------+--------+--------+-----+--------+

Top non-repeatable levels by time:
     D:1: 1326 daAuts
     D:8: 1251 daAuts
     D:3: 1250 daAuts
     D:4: 1169 daAuts
     D:5: 1151 daAuts
     D:7: 945 daAuts
     D:6: 899 daAuts
     D:2: 740 daAuts
    D:10: 546 daAuts
     D:9: 306 daAuts
  Temple: 168 daAuts
